 Dungeon Crawl Stone Soup version 0.27.0-1-g7a089689b8 (webtiles) character file.

Game seed: 15237430292919962488

75 Malachi the Skirmisher (level 4, 0/37 HPs)
             Began as a Palentonga Fighter on Aug 13, 2021.
             Was a Believer of Wu Jian.
             Slain by a goblin (6 damage)
             ... led by Robin
             ... on level 2 of the Dungeon.
             The game lasted 00:03:03 (1685 turns).

Malachi the Skirmisher (Palentonga Fighter)         Turns: 1685, Time: 00:03:04

Health: 0/37       AC:  0    Str: 21    XL:     4   Next: 11%
Magic:  4/4        EV: 13    Int:  8    God:    Wu Jian [**....]
Gold:   50         SH:  0    Dex:  9    Spells: 3/3 levels left

rFire    . . .     SeeInvis +   (weapon currently unavailable)
rCold    . . .     Faith    .   (shield currently unavailable)
rNeg     . . .     Spirit   .   (armour currently unavailable)
rPois    .         Reflect  .   (helmet currently unavailable)
rElec    .         Harm     .   (cloak currently unavailable)
rCorr    .         Rampage  .   (gloves currently unavailable)
Will     .....                  (no barding)
Stlth    +.........             (no amulet)
HPRegen  0.12/turn              (ring currently unavailable)
MPRegen  0.09/turn              (ring currently unavailable)

@: pig-form, attractive, flying, very quick
A: fast, no casting, small, rugged brown scales 3, see invisible, (deformed
body), (roll 1), (armoured tail)
a: Renounce Religion, Wall Jump


You were on level 2 of the Dungeon.
You worshipped Wu Jian.
Wu Jian was pleased with you.
You were a filthy swine.
You visited 1 branch of the dungeon, and saw 2 of its levels.

You collected 50 gold pieces.

Inventory:

Hand Weapons
 a - a +0 war axe (melded)
Armour
 b - a +0 scale mail (melded)
 c - a +0 kite shield (melded)
Jewellery
 l - a ring of fire
Scrolls
 f - 4 scrolls of identify {unknown}
 i - a scroll of enchant weapon {unknown}
 k - 2 scrolls of teleportation {unknown}
Potions
 d - a potion of might


   Skills:
 + Level 3.4 Fighting
 + Level 3.0 Axes
 + Level 2.8 Armour
 + Level 0.5 Dodging
 + Level 2.8 Shields


You had 3 spell levels left.
You didn't know any spells.
Your spell library was empty.

Dungeon Overview and Level Annotations

Branches:
Dungeon (2/15)

Altars:
Wu Jian
Yredelemnul

Shops:
D:2 *

Annotations:
D:2 Robin


Innate Abilities, Weirdness & Mutations

You are a filthy swine.
You move quickly.
Your equipment is almost entirely melded.
You are incapable of wielding weapons or throwing items.
You cannot cast spells.
(You are completely covered in rugged brown scales. (AC +3, +7% HP))
You have supernaturally acute eyesight. (SInv)
((Armour fits poorly on your strangely shaped body.))
((You can roll at nearby foes to attack.))
((You have a long armoured tail.))


Message History

It was a potion of flight.
You feel very buoyant.
You fly up into the air.
You block the goblin's attack. x2
The goblin hits you but does no damage. Robin hits you with a +0 falchion.
* * * LOW HITPOINT WARNING * * *
It was a potion of curing.
You feel better. You block the goblin's attack.
The goblin hits you but does no damage. x2; Robin hits you but does no damage.
It was a potion of heal wounds.
You feel much better.
The goblin hits you but does no damage. x3; Robin hits you with a +0 falchion!
You spin and attack Robin.
You closely miss Robin. You tail-slap Robin.
Robin is severely wounded.
Robin zaps a wand.
You turn into a filthy swine.
Your +0 war axe melds into your body.
Your +0 kite shield melds into your body.
Your +0 scale mail melds into your body.
You see here 4 gold pieces.
Unknown command.
You spin and attack Robin.
You completely miss Robin.
Robin is severely wounded.
You spin and attack Robin.
You barely miss Robin.
Robin is severely wounded.
Robin throws the goblin at you! The goblin hits you with a +0 club.
You closely miss the goblin.
The goblin is heavily wounded.
Robin roars a battlecry!
The goblins go into a battle-frenzy!
The goblin hits you with a +0 club. The goblin is pulled toward you!
You barely miss the goblin.
The goblin is heavily wounded.
The goblin misses you. The goblin barely misses you.
You hit the goblin.
The goblin is severely wounded.
The goblin barely misses you.
Robin zaps a wand.
You resist with some effort. The goblin misses you.
You closely miss the goblin.
The goblin is severely wounded.
The goblin hits you with a +0 club. Robin hits you with a +0 falchion.
* * * LOW HITPOINT WARNING * * *
The goblin hits you with a +0 club.
You die...

..# #.............## ##
#.. ................ .
#.# #.# ...#....#.## ..
#.#.# #.#.##.#.##.#.#
....#.#.###.#...<...#.#.#
......)).##.#.#..#..#.#.#
#.)##.######..#.#.#
#$g##.........#.#.#
#gghg.........#.#.##
#.#############.#.## ..>.
..... ##### ##... .....
######### #... ........##
#... ..........# #...
...........# #...


You could see Robin and 3 goblins.

Vanquished Creatures
  2 adders (D:2)
  A worm (D:2)
  2 dart slugs (D:2)
  An endoplasm (D:1)
  A giant cockroach (D:1)
  13 goblins
  6 hobgoblins
  3 quokkas (D:1)
  5 ball pythons
  A bat (D:1)
  2 frilled lizards (D:1)
  5 kobolds
  4 rats
46 creatures vanquished.

Notes
Turn   | Place    | Note
-------+----------+-------------------------------------------
     0 | D:1      | Malachi the Palentonga Fighter began the quest for the Orb.
     0 | D:1      | Reached XP level 1. HP: 19/19 MP: 1/1
    53 | D:1      | Found a faded altar of an unknown god.
    64 | D:1      | Became a worshipper of the Wu Jian Council
    64 | D:1      | Reached * piety under Wu Jian
   263 | D:1      | Reached XP level 2. HP: 25/25 MP: 2/2
   687 | D:1      | Reached ** piety under Wu Jian
  1018 | D:1      | Reached XP level 3. HP: 31/31 MP: 3/3
  1069 | D:2      | Noticed Robin
  1161 | D:2      | Found a basalt altar of Yredelemnul.
  1546 | D:2      | Found Cakubboj's General Store.
  1672 | D:2      | Reached XP level 4. HP: 34/37 MP: 4/4
  1685 | D:2      | Slain by a goblin

Illustrated notes

Levels and vault maps discovered:
D:1:      onia_arrival_pyramid, layout_loops_corners,
          hellmonk_ecumenical_altar_pennies_from_heaven
D:2:      layout_basic, serial_shops, nicolae_shop_trees, basic_altar,
          uniq_robin

Skill      XL: |  1  2  3  4 |
---------------+-------------+-----
Axes           | 3 |  3.0
Fighting       | |  3.4
Armour         | |  2.8
Dodging        | |  0.5
Shields        | |  2.8

Action                   |  1- 3 |  4- 6 || total
-------------------------+-------+-------++-------
Melee: War axe           |   125 |     8 ||   133
       Tailslap          |    10 |     2 ||    12
       Unarmed           |       |     6 ||     6
Invok: Lunge             |     6 |       ||     6
       Whirlwind         |       |     3 ||     3
 Abil: Rolling Charge    |     7 |       ||     7
       Wall Jump         |     2 |     1 ||     3
  Use: Potion            |       |     4 ||     4
Armor: Scale mail        |    61 |    10 ||    71
Dodge: Dodged            |    23 |     6 ||    29
Block: Kite shield       |    49 |     9 ||    58
